 Dungeon Sprint DCSS version 0.30-a0-305-g026cb31310 (webtiles) character file.

Game seed: 12015846866890618189

418 rocky1 the Trooper (level 6, -10/58 HPs)
             Began as a Draconian Warper on Oct 23, 2022.
             Was a High Priest of Cheibriados.
             Mangled by an ice devil (21 damage)
             ... in the Dungeon (Sprint VII: "The Pits").
             The game lasted 00:02:52 (840 turns).

rocky1 the Trooper (Draconian Warper)                Turns: 840, Time: 00:02:53

Health: -10/58     AC:  7    Str: 26    XL:     6   Next: 61%
Magic:  14/14      EV: 16    Int: 29    God:    Cheibriados [*****.]
Gold:   0          SH:  0    Dex: 23    Spells: 7/16 levels left

rFire   . . .      SeeInvis .    l - +0 trident (vorpal)
rCold   . . .      Faith    .    (no shield)
rNeg    . . .      Spirit   .    (body armour unavailable)
rPois   .          Reflect  .    (helmet restricted)
rElec   .          Harm     .    m - +0 cloak
rCorr   .          Rampage  .    (no gloves)
Will    .....      NoTele   +    (no boots)
Stlth   ++........               (no amulet)
HPRegen 0.29/turn                (no ring)
MPRegen 0.14/turn                (no ring)

@: slowed, very slow
A: AC +6, unfitting armour, cold-blooded
a: Renounce Religion, Bend Time, Temporal Distortion, Slouch, Step From Time


You were in the Dungeon.
You worshipped Cheibriados.
Cheibriados was extremely pleased with you.
You visited 1 branch

Inventory:

Hand Weapons
 a - a +0 spear
 l - a +0 vorpal trident (weapon)
Missiles
 c - 7 boomerangs of dispersal (quivered)
Armour
 m - a +0 cloak (worn)
Wands
 h - a wand of flame (16)
Scrolls
 b - 2 scrolls of blinking
 j - 5 scrolls of amnesia
 k - a scroll of summoning
Potions
 d - 6 potions of curing
 e - 6 potions of heal wounds
 f - a potion of haste
 g - 4 potions of magic
 i - 2 potions of invisibility


   Skills:
 + Level 6.8 Fighting
 + Level 6.2 Polearms
 - Level 0.8 Throwing
 + Level 5.8 Dodging
 + Level 5.7 Spellcasting
 + Level 6.7 Translocations
 + Level 3.3 Air Magic
 + Level 3.7 Invocations


You had 7 spell levels left.
You knew the following spells:

 Your Spells              Type           Power      Damage    Failure   Level
a - Blink                 Tloc           94%        N/A       1%          2
b - Vhi's Electric Charg  Tloc/Air       74%        N/A       2%          3
c - Manifold Assault      Tloc           47%        N/A       3%          4

Your spell library contained the following spells:

 Spells                   Type           Power      Damage    Failure   Level
 Lesser Beckoning         Tloc           94%        N/A       1%          3
 Teleport Other           Tloc           47%        N/A       1%          3


Dungeon Overview and Level Annotations

Branches:
Dungeon (1/1)

Altars:
Ashenzari
Cheibriados
Dithmenos
Elyvilon
Fedhas
Gozag
Hepliaklqana
Kikubaaqudgha
Makhleb
Nemelex Xobeh
Okawaru
Qazlal
Ru
Sif Muna
Trog
Uskayaw
Vehumet
Wu Jian
Xom
Yredelemnul
Zin
The Shining One
Jiyva
Lugonu


Innate Abilities, Weirdness & Mutations

Your plain brown scales are hard. (AC +6)
You cannot fit into any form of body armour.
You are cold-blooded and may be slowed by cold attacks.


Message History

The warg is severely wounded.
The warg bites you.
You barely miss the warg. You tail-slap the warg.
The warg is severely wounded.
The warg misses you.
You puncture the warg!
You kill the warg!
Cheibriados thoroughly appreciates the change of pace.
Cheibriados raises the support of your attributes as your movement slows.
Your Polearms skill increases to level 6!
Your Air Magic skill increases to level 3!
Your Invocations skill increases to level 3!
Unknown command.
You start resting.
HP restored.
Cast which spell? (? or * to list)
Okay, then.
There is an open door, spattered with blood here.
You open the door.
An ice devil comes into view.
Okay, then.
The ice devil barely misses you. The ice devil closely misses you.
There is an open door here.
You hit the ice devil but do no damage. The ice devil hits you.
The ice devil freezes you!
You feel yourself slow down.
You puncture the ice devil!
The ice devil is heavily wounded.
The ice devil barely misses you.
You hit the ice devil.
The ice devil is heavily wounded.
You feel yourself speed up. The ice devil hits you. The ice devil freezes you!!
The ice devil hits you but does no damage.
You hit the ice devil but do no damage.
You punch the ice devil, but do no damage.
The ice devil is heavily wounded.
The ice devil hits you!
* * * LOW HITPOINT WARNING * * *
The ice devil freezes you!!
You feel yourself slow down.
You die...

#.#...)))[.##.......#
#)#...)).[.##.......#
#)###########.......#
#..#.#.## #########
#.......# ##.#.#.##
#.......#+#
##.#.#.##4+
#.......#@#
##.#.#..'.#
##########


You could see an ice devil.

Vanquished Creatures
  A warg (D)
  Pargi (D)
  A phantom (D)
  A scorpion (D)
  A jelly (D)
  Crazy Yiuf (D)
  A river rat (D)
  An ufetubus (D)
  An adder skeleton (D)
  An orc (D)
  An endoplasm (D)
  A giant cockroach (D)
  A goblin (D)
  A hobgoblin (D)
  3 jackals (D)
  A ball python (D)
  A giant cockroach zombie (D)
19 creatures vanquished.

Notes
Turn   | Place    | Note
-------+----------+-------------------------------------------
     0 | D        | rocky1 the Draconian Warper began the quest for the Orb.
     0 | D        | Reached XP level 1. HP: 17/17 MP: 3/3
   125 | D        | Found a bloodstained altar of Trog.
   125 | D        | Found a shimmering blue altar of Sif Muna.
   125 | D        | Found a viscous altar of Jiyva.
   125 | D        | Found a hazy altar of Hepliaklqana.
   125 | D        | Found an opulent altar of Gozag.
   126 | D        | Found a glowing golden altar of the Shining One.
   126 | D        | Found a glowing silver altar of Zin.
   126 | D        | Found a basalt altar of Yredelemnul.
   126 | D        | Found a shimmering altar of Xom.
   126 | D        | Found an ornate altar of the Wu Jian Council.
   126 | D        | Found a sacrificial altar of Ru.
   126 | D        | Found a stormy altar of Qazlal.
   126 | D        | Found an iron altar of Okawaru.
   126 | D        | Found a sparkling altar of Nemelex Xobeh.
   126 | D        | Found a burning altar of Makhleb.
   126 | D        | Found a blossoming altar of Fedhas.
   126 | D        | Found a white marble altar of Elyvilon.
   126 | D        | Found a shadowy altar of Dithmenos.
   126 | D        | Found a snail-covered altar of Cheibriados.
   129 | D        | Found a corrupted altar of Lugonu.
   129 | D        | Found a radiant altar of Vehumet.
   130 | D        | Found an ancient bone altar of Kikubaaqudgha.
   130 | D        | Found a hide-covered altar of Uskayaw.
   130 | D        | Found a broken altar of Ashenzari.
   137 | D        | Became a worshipper of Cheibriados the Contemplative
   174 | D        | Noticed a scorpion
   183 | D        | Killed a scorpion
   184 | D        | Reached XP level 2. HP: 25/27 MP: 3/6
   184 | D        | Reached XP level 3. HP: 31/33 MP: 4/8
   341 | D        | Reached * piety under Cheibriados
   342 | D        | Reached XP level 4. HP: 36/41 MP: 9/9
   345 | D        | Learned a level 2 spell: Blink
   349 | D        | Learned a level 3 spell: Vhi's Electric Charge
   354 | D        | Learned a level 4 spell: Manifold Assault
   366 | D        | Noticed Pargi
   375 | D        | Killed Pargi
   375 | D        | Reached ** piety under Cheibriados
   376 | D        | Reached skill level 5 in Fighting
   376 | D        | Reached skill level 5 in Polearms
   376 | D        | Reached skill level 5 in Translocations
   376 | D        | Reached XP level 5. HP: 48/48 MP: 9/11
   379 | D        | Reached *** piety under Cheibriados
   385 | D        | Reached **** piety under Cheibriados
   555 | D        | Noticed a phantom
   563 | D        | Killed a phantom
   564 | D        | Reached skill level 5 in Dodging
   564 | D        | Reached skill level 5 in Spellcasting
   564 | D        | Reached skill level 1 in Air Magic
   564 | D        | Reached skill level 1 in Invocations
   570 | D        | Noticed Crazy Yiuf
   587 | D        | Reached XP level 6. HP: 51/57 MP: 13/13
   592 | D        | Reached ***** piety under Cheibriados
   597 | D        | Killed Crazy Yiuf
   821 | D        | Noticed a warg
   827 | D        | Killed a warg
   835 | D        | Noticed an ice devil
   840 | D        | Mangled by an ice devil

Illustrated notes

Levels and vault maps discovered:
D:        pitsprint [storerooms_1, entrance_room_1, metal_vault_7, armoury_2,
          mini_pit_1, grid_room_1, main_hall_1, silver_pit, the_coven_3,
          the_vestibule_1, steel_vault_2, golden_pit, hallway_of_sentries,
          crystal_vault_1, iron_vault_4, final_vault]

Skill      XL: |  1  2  3  4  5  6 |
---------------+-------------------+-----
Fighting       | 4 5 6 |  6.8
Polearms       | 3 5 6 |  6.2
Dodging        | 3 4 5 |  5.8
Spellcasting   | 3 4 5 |  5.7
Translocations | 4 5 6 |  6.7
Air Magic      | 2 3 |  3.3
Invocations    | 2 3 |  3.7
Throwing       | |  0.8

Action                   |  1- 3 |  4- 6 || total
-------------------------+-------+-------++-------
Melee: Spear             |    30 |    25 ||    55
       Tailslap          |     3 |    12 ||    15
       Trident           |       |    32 ||    32
       Punch             |       |     1 ||     1
  Use: Potion            |     1 |     2 ||     3
 Stab: Sleeping          |     1 |     1 ||     2
Armor: Skin              |     7 |    14 ||    21
Dodge: Dodged            |    16 |    45 ||    61

Table legend: (Time is in decaauts)
 A = Elapsed time spent in this place.
 B = Non-inter-level travel time spent in this place.
 C = Inter-level travel time spent in this place.
 D = Time resting spent in this place.
 E = Time spent auto-exploring this place.
 F = Levels seen in this place.
 G = Mean time per level.
                   A        B        C        D        E       F      G
               +--------+--------+--------+--------+--------+-----+--------+
         Total |    948 |    925 |     23 |    599 |      0 |   1 |  948.0 |
       Dungeon |    948 |    925 |     23 |    599 |      0 |   1 |  948.0 |
               +--------+--------+--------+--------+--------+-----+--------+

Top non-repeatable levels by time:
       D: 948 daAuts
